 Dungeon Crawl Stone Soup version 0.27.1-1-g398f81649c (webtiles) character file.

Game seed: 1196266323919012036

10084 pkoi the Grappler (level 11, -6/109 HPs)
             Began as a Troll Gladiator on Sept 16, 2021.
             Was a Believer of the Shining One.
             Mangled by an 11-headed hydra (10 damage)
             ... on level 1 of the Lair of Beasts.
             The game lasted 00:13:03 (7985 turns).

pkoi the Grappler (Troll Gladiator)                 Turns: 7985, Time: 00:13:04

Health: -6/109     AC: 12    Str: 31    XL:     11   Next: 31%
Magic:  12/12      EV: 12    Int:  6    God:    the Shining One [**....]
Gold:   412        SH:  0    Dex: 11    Spells: 10/10 levels left

rFire    . . .     SeeInvis .     - Unarmed
rCold    . . .     Faith    .   (no shield)
rNeg     + . .     Spirit   .   B - +0 troll leather armour
rPois    .         Reflect  .   b - +1 hat
rElec    .         Harm     .   s - +0 cloak
rCorr    .         Rampage  .   (gloves unavailable)
Will     .....                  (boots unavailable)
Stlth    +.........             y - amulet of regeneration
HPRegen  3.28/turn              g - +4 ring of protection
MPRegen  0.13/turn              F - +6 ring of strength

@: about to teleport, glowing, studying Unarmed Combat
A: large, unfitting armour, claws 3, regeneration 1, shaggy fur 1, tough skin 1
a: Renounce Religion, Divine Shield


You were on level 1 of the Lair of Beasts.
You worshipped the Shining One.
The Shining One was pleased with you.
You visited 3 branches of the dungeon, and saw 12 of its levels.

You collected 672 gold pieces.
You spent 260 gold pieces at shops.

Inventory:

Missiles
 a - 4 javelins (quivered)
 c - 2 throwing nets
 d - 6 datura-tipped darts
 z - 17 poisoned darts
Armour
 b - a +1 hat (worn)
 i - a +0 kite shield
 s - a +0 cloak (worn)
 B - a +0 troll leather armour (worn)
Jewellery
 g - a +4 ring of protection (left claw)
 n - a ring of magical power
 y - an amulet of regeneration (around neck)
 A - a ring of poison resistance
 F - a +6 ring of strength (right claw)
 G - a +4 ring of evasion
Wands
 m - a wand of paralysis (6)
 u - a wand of mindburst (16)
 v - a wand of iceblast (5)
 x - a wand of flame (29)
 D - a wand of polymorph (7)
Scrolls
 f - 9 scrolls of identify
 k - 2 scrolls of teleportation
 q - 2 scrolls of magic mapping
 r - 3 scrolls of enchant armour
Potions
 e - 9 potions of curing
 h - 4 potions of lignification
 j - a potion of magic
 l - a potion of invisibility
 o - 3 potions of mutation
 p - 3 potions of haste
 t - a potion of resistance
 w - 2 potions of heal wounds
 C - 2 potions of attraction {unknown}
 E - 2 potions of brilliance {unknown}
 H - a potion of flight {unknown}


   Skills:
 + Level 7.1 Fighting
 + Level 2.8 Throwing
 - Level 3.5 Armour
 + Level 7.4 Dodging
 - Level 3.6 Shields
 + Level 13.6 Unarmed Combat
 - Level 3.4 Invocations
 - Level 2.0 Evocations


You had 10 spell levels left.
You didn't know any spells.
Your spell library contained the following spells:

 Spells                   Type           Power      Damage    Failure   Level
 Corona                   Hex            0%         N/A       50%         1
 Summon Small Mammal      Summ           0%         N/A       50%         1
 Blink                    Tloc           N/A        N/A       63%         2
 Ensorcelled Hibernation  Hex/Ice        0%         N/A       63%         2
 Call Canine Familiar     Summ           0%         N/A       86%         3
 Gell's Gravitas          Tloc           0%         N/A       86%         3
 Lesser Beckoning         Tloc           0%         N/A       86%         3
 Summon Guardian Golem    Hex/Summ       0%         N/A       86%         3
 Teleport Other           Tloc           0%         N/A       86%         3
 Tukima's Dance           Hex            0%         N/A       86%         3
 Animate Dead             Necr           0%         N/A       99%         4
 Blade Hands              Tmut           0%         N/A       100%        5
 Manifold Assault         Tloc           0%         N/A       100%        5
 Necromutation            Tmut/Necr      0%         N/A       100%        8


Dungeon Overview and Level Annotations

Branches:
Dungeon (10/15)            Temple (1/1) D:7            Lair (1/6) D:8
    Orc (0/2) D:10

Altars:
Ashenzari
Cheibriados
Dithmenos
Elyvilon
Fedhas
Gozag
Hepliaklqana
Kikubaaqudgha
Makhleb
Nemelex Xobeh
Okawaru
Qazlal
Ru
Sif Muna
Trog
Uskayaw
Vehumet
Wu Jian
Xom
Yredelemnul
Zin
The Shining One

Shops:
D:4 (   D:6 *   D:7 (   D:9 *

Annotations:
D:5 2 transporters, MechaKamiliLaw's ghost, weakling DgDe
D:7 2 runed translucent doors, 0gre's ghost, novice GrIE


Innate Abilities, Weirdness & Mutations

You are too large for most types of armour.
You have claws for hands.
Your natural rate of healing is unusually fast.
You are covered in fur. (AC +1)
You have tough skin. (AC +1)


Message History

* * * LOW HITPOINT WARNING * * *
The 11-headed hydra bites you but does no damage.
The 11-headed hydra closely misses you.
The 11-headed hydra bites you but does no damage.
Unknown command.
Unknown command.
Aiming: Polymorph
Press: ? - help, Shift-Dir - straight line, f/p - 11-headed hydra
Aim: an 11-headed hydra (moderately wounded, haloed, will become a ghost moth, an ice dragon, or a stone giant, chance to affect: 19%)
Okay, then.
Unknown command.
Unknown command.
Aiming: Mindburst
Press: ? - help, Shift-Dir - straight line, f/p - 11-headed hydra
Aim: an 11-headed hydra (moderately wounded, haloed, chance to affect: 40%)
The 11-headed hydra resists with some effort.
The 11-headed hydra barely misses you. The 11-headed hydra misses you.
The 11-headed hydra bites you but does no damage. x2
The 11-headed hydra bites you!
* * * LOW HITPOINT WARNING * * *
The 11-headed hydra bites you.
* * * LOW HITPOINT WARNING * * *
The 11-headed hydra bites you.
* * * LOW HITPOINT WARNING * * *
The 11-headed hydra bites you!
* * * LOW HITPOINT WARNING * * *
The 11-headed hydra bites you.
* * * LOW HITPOINT WARNING * * *
The 11-headed hydra bites you!
* * * LOW HITPOINT WARNING * * *
The 11-headed hydra closely misses you.
Unknown command.
As you read the scroll of teleportation, it crumbles to dust.
You feel strangely unstable. The 11-headed hydra bites you.
* * * LOW HITPOINT WARNING * * *
The 11-headed hydra closely misses you. x2
The 11-headed hydra barely misses you. The 11-headed hydra closely misses you.
The 11-headed hydra bites you but does no damage.
The 11-headed hydra bites you!
You die...

##### ### #### #### ##
###.#.######.######..#####..##.##
...(...........D@................
..........<.......(............#
#####.#....#####...#+..........#
###....#.........#.........#
#.....#.........#.........#
##....#...................#
#.....#.#####..#.........#
#.................P......## ####
##..........................


You could see a 11-headed hydra.

Vanquished Creatures
  A two-headed ogre (D:10)
  Pikel (D:6)
  A cane toad (Lair:1)
  2 komodo dragons (Lair:1)
  A rime drake (Lair:1)
  An unseen horror (D:10)
  2 trolls
  Prince Ribbit (D:9)
  3 vampires (D:9)
  19 yaks
  2 wyverns (D:9)
  2 steam dragons
  4 water moccasins
  2 orc warriors
  A necrophage (D:8)
  2 centaurs
  3 lemures (D:6)
  3 kobold brigands
  6 bullfrogs
  A gnoll sergeant (D:7)
  A scorpion (D:7)
  A water moccasin zombie (D:5)
  9 wights
  A killer bee (D:8)
  5 howler monkeys
  5 centaur zombies
  6 orc priests
  A bullfrog skeleton (D:5)
  2 hounds
  2 jellies
  A centaur skeleton (D:6)
  3 iguanas
  11 orc wizards
  A killer bee zombie (D:8)
  A hound zombie (D:5)
  A howler monkey zombie (D:7)
  8 gnolls
  4 adders
  A shadow imp (D:6)
  A white imp (D:8)
  A worm (D:2)
  A dart slug (D:4)
  25 orcs
  8 endoplasms
  6 giant cockroaches
  11 goblins
  5 hobgoblins
  11 jackals
  4 quokkas
  6 ball pythons
  5 bats
  4 frilled lizards
  14 kobolds
  6 rats
230 creatures vanquished.

Notes
Turn   | Place    | Note
-------+----------+-------------------------------------------
     0 | D:1      | pkoi the Troll Gladiator began the quest for the Orb.
     0 | D:1      | Reached XP level 1. HP: 19/19 MP: 0/0
    88 | D:1      | Reached XP level 2. HP: 27/27 MP: 1/1
   212 | D:1      | Reached skill level 4 in Unarmed Combat
   269 | D:1      | Reached XP level 3. HP: 33/33 MP: 2/2
   573 | D:2      | Found an ancient bone altar of Kikubaaqudgha.
   712 | D:2      | Identified a scroll of acquirement
   712 | D:2      | Acquired a +4 ring of protection
  1078 | D:3      | Reached XP level 4. HP: 41/41 MP: 3/3
  1081 | D:3      | Reached skill level 5 in Unarmed Combat
  1791 | D:4      | Found Ykoy's Weapon Boutique.
  1837 | D:4      | Reached XP level 5. HP: 31/49 MP: 4/4
  2217 | D:5      | Entered Level 5 of the Dungeon
  2284 | D:5      | Found a transporter.
  2289 | D:5      | Noticed MechaKamiliLaw's ghost (weakling DgDe)
  2309 | D:5      | Found a transporter.
  2457 | D:5      | Reached skill level 1 in Evocations
  2514 | D:5      | Reached XP level 6. HP: 57/57 MP: 5/5
  2531 | D:5      | Noticed a steam dragon
  2542 | D:5      | Killed a steam dragon
  2543 | D:5      | Reached skill level 6 in Unarmed Combat
  2872 | D:5      | Noticed a sky beast
  2873 | D:5      | Noticed a yak
  3029 | D:5      | Reached XP level 7. HP: 64/66 MP: 6/6
  3029 | D:5      | Acquired a manual of Unarmed Combat
  3325 | D:6      | Found a glowing golden altar of the Shining One.
  3494 | D:6      | Noticed Pikel
  3742 | D:6      | Found Gery's Gadget Gallery.
  3784 | D:6      | Reached skill level 7 in Unarmed Combat
  4085 | D:6      | Became a worshipper of the Shining One
  4233 | D:6      | Killed Pikel
  4234 | D:6      | Reached skill level 8 in Unarmed Combat
  4234 | D:6      | Reached XP level 8. HP: 65/74 MP: 9/9
  4268 | D:7      | Reached skill level 9 in Unarmed Combat
  4477 | D:7      | Found a large runed translucent door.
  4477 | D:7      | Found a large runed translucent door.
  4579 | D:7      | Found a staircase to the Ecumenical Temple.
  4811 | D:7      | Noticed 0gre's ghost (novice GrIE)
  4951 | D:7      | Found Neun Ateam's Antique Weapon Shop.
  5075 | Temple   | Entered the Ecumenical Temple
  5448 | D:8      | Reached skill level 10 in Unarmed Combat
  5468 | D:8      | Reached XP level 9. HP: 73/84 MP: 10/10
  5474 | D:8      | Reached skill level 5 in Dodging
  5511 | D:8      | Found a staircase to the Lair.
  5726 | D:8      | Reached skill level 11 in Unarmed Combat
  5831 | D:8      | Reached skill level 5 in Fighting
  5886 | D:8      | Reached * piety under the Shining One
  6220 | D:9      | Reached skill level 12 in Unarmed Combat
  6322 | D:9      | Found Azebbo's Serpentskin Sales.
  6324 | D:9      | Reached skill level 1 in Shields
  6328 | D:9      | Reached XP level 10. HP: 98/98 MP: 11/11
  6331 | D:9      | Bought a ring of poison resistance for 260 gold pieces
  6543 | D:9      | Reached skill level 1 in Armour
  6590 | D:9      | Noticed Prince Ribbit
  6607 | D:9      | Killed Prince Ribbit
  6783 | D:10     | Entered Level 10 of the Dungeon
  6783 | D:10     | Reached ** piety under the Shining One
  6913 | D:10     | Found a staircase to the Orcish Mines.
  7052 | D:10     | Noticed a two-headed ogre
  7060 | D:10     | Killed a two-headed ogre
  7061 | D:10     | Reached skill level 13 in Unarmed Combat
  7355 | D:10     | Reached XP level 11. HP: 107/107 MP: 12/12
  7611 | Lair:1   | Entered Level 1 of the Lair of Beasts
  7665 | Lair:1   | Got the Tome of Mutagenic Necromancy
  7949 | Lair:1   | Noticed an eight-headed hydra
  7985 | Lair:1   | HP: 4/109 [11-headed hydra (6)]
  7985 | Lair:1   | Mangled by an 11-headed hydra

Illustrated notes

Levels and vault maps discovered:
D:1:      dpeg_arrival_tiny_a, layout_basic, chequers_big_river,
          minmay_worlds_worst_comb
D:2:      layout_basic, basic_altar
D:3:      layout_basic
D:4:      layout_cave_pools, serial_shops, nicolae_shop_behind_doors
D:5:      kennysheep_spiral_hall, layout_basic, gammafunk_ghost_stat_death,
          lightli_corner_chamber
D:6:      layout_gridville, mainiacjoe_overflow_six_doors_small,
          nicolae_shop_gadgets, uniq_pikel
D:7:      layout_loops_ring, minmay_temple_entry_purple_smoke,
          ebering_ghost_disaster_area, serial_shops, nicolae_shop_crystal
D:8:      minmay_bubble_buster, layout_basic
D:9:      kennysheep_ambush_hall, layout_loops_ring, st_stairs_14,
          guppyfry_shop_venom, uniq_prince_ribbit1
D:10:     layout_roguey, orc_0_dummy, serial_rivers,
          chequers_serial_rivers_room_a, chequers_serial_rivers_micro_d,
          chequers_serial_rivers_large_b, chequers_serial_rivers_micro_e,
          chequers_serial_rivers_small_3
Temple:   minmay_crystal_snake_temple
Lair:1:   layout_chaotic_city, lemuel_fruit_fields

Skill      XL: |  1  2  3  4  5  6  7  8  9 10 11 |
---------------+----------------------------------+-----
Unarmed Combat | 4 5 6 8 10 12 13 | 13.6
Fighting       | 2 4 5 6 7 |  7.1
Evocations     | 1 2 |  2.0
Dodging        | 3 4 6 7 |  7.4
Invocations    | 3 |  3.4
Shields        | 1 3 |  3.6
Armour         | 3 |  3.5
Throwing       | 2 |  2.8

Action                   |  1- 3 |  4- 6 |  7- 9 | 10-12 || total
-------------------------+-------+-------+-------+-------++-------
Melee: Unarmed           |   104 |   130 |   232 |   161 ||   627
       Punch             |       |     3 |    13 |     9 ||    25
Throw: Throwing net      |       |       |       |     1 ||     1
       Javelin           |       |       |       |     4 ||     4
Evoke: Wand              |       |       |       |     1 ||     1
  Use: Scroll            |     6 |    12 |     6 |     1 ||    25
 Stab: Sleeping          |     2 |       |       |       ||     2
Armor: Robe              |    39 |    72 |    79 |       ||   190
       Steam dragon scal |       |       |    12 |    12 ||    24
       Troll leather arm |       |       |       |    50 ||    50
Dodge: Dodged            |    43 |    59 |    92 |    95 ||   289
